 Dungeon Crawl Stone Soup version 0.24.0-13-gcf9b319 (webtiles) character file.

Game seed: 13492147900977615465, levelgen mode: deterministic

211 Bronimir the Chopper (level 5, -2/42 HPs)
             Began as a Centaur Warper on Apr 15, 2020.
             Killed from afar by an orc wizard (6 damage)
             ... with a magic dart
             ... on level 4 of the Dungeon.
             The game lasted 00:04:43 (3681 turns).

Bronimir the Chopper (Centaur Warper)               Turns: 3681, Time: 00:04:43

Health: -2/42      AC:  6    Str: 15    XL:     5   Next: 57%
Magic:  7/7        EV:  9    Int: 12    God:
Gold:   180        SH:  0    Dex:  8    Spells: 3/7 levels left

rFire    . . .     SeeInvis .   a - +3 hand axe (chop)
rCold    . . .     Gourm    .   (no shield)
rNeg     . . .     Faith    .   c - +0 ring mail
rPois    .         Spirit   .   v - +0 helmet (curse)
rElec    .         Reflect  .   (no cloak)
rCorr    .         Harm     .   (no gloves)
MR       .....                  (no barding)
Stlth    ..........             (no amulet)
HPRegen  0.14/turn              (no ring)
MPRegen  0.10/turn              (no ring)

@: very quick
A: large, hooves 3, deformed body, speed 2, tough skin 3
a: no special abilities


You were on level 4 of the Dungeon.
You were not hungry.

You visited 1 branch of the dungeon, and saw 4 of its levels.

You collected 180 gold pieces.

Inventory:

Hand Weapons
 a - a +3 hand axe of chopping (weapon)
 B - a +0 hand axe
Missiles
 e - 3 boomerangs of dispersal (quivered)
 m - 67 stones
 y - 24 arrows
 z - 15 sling bullets
 A - 40 bolts
Armour
 b - a +0 leather armour
 c - a +0 ring mail (worn)
 j - a +1 pair of boots
 v - a cursed +0 helmet (worn)
Jewellery
 i - a cursed -3 ring of strength {unknown}
Scrolls
 d - a scroll of blinking
 g - 5 scrolls of identify {unknown}
 h - 4 scrolls of teleportation {unknown}
 l - 2 scrolls of fog {unknown}
 o - 3 scrolls of remove curse {unknown}
 p - a scroll of amnesia {unknown}
 r - a scroll of enchant armour {unknown}
 x - a scroll of magic mapping {unknown}
Potions
 k - 3 potions of heal wounds {unknown}
 n - a potion of brilliance {unknown}
 q - a potion of mutation {unknown}
 s - a potion of flight {unknown}
 t - a potion of curing {unknown}
 u - 2 potions of degeneration {unknown}
 w - a potion of haste {unknown}
Comestibles
 f - 4 rations


   Skills:
 * Level 2.7 Fighting
 * Level 3.3 Axes
 + Level 1.1 Throwing
 * Level 1.7 Armour
 * Level 2.8 Dodging
 + Level 0.1 Stealth
 + Level 1.5 Spellcasting
 + Level 2.7 Translocations


You had 3 spell levels left.
You knew the following spells:

 Your Spells              Type           Power        Failure   Level  Hunger
a - Blink                 Tloc           N/A          26%         2    ###....
b - Shroud of Golubria    Chrm/Tloc      #.....       43%         2    ###....

Your spell library contained the following spells:

 Spells                   Type           Power        Failure   Level  Hunger
 Gell's Gravitas          Tloc           #.........   47%         3    ####...
 Lesser Beckoning         Tloc           #.........   47%         3    ####...
 Teleport Other           Tloc           #.......     47%         3    ####...
 Passage of Golubria      Tloc           N/A          87%         4    #####..


Dungeon Overview and Level Annotations

Branches:
Dungeon (4/15)
 Temple: D:4-7

Altars:
Elyvilon
Yredelemnul

Shops:
D:4 *


Innate Abilities, Weirdness & Mutations

You have hooves in place of feet.
Armour fits poorly on your strangely shaped body.
You cover ground very quickly.
You have extremely tough skin. (AC +3)


Message History

You are too injured to fight recklessly!
You are too injured to fight recklessly!
Unknown command.
You hear some strange, mumbled words.
You are confused.
There is an entrance to Ruyrridd's Assorted Antiques here.
A magic dart appears from out of thin air!
The magic dart hits you!
* * * LOW HITPOINT WARNING * * *
Something hits you but does no damage. The phantom hits you.
* * * LOW HITPOINT WARNING * * *
The phantom blinks!
You feel less confused. Something hits you but does no damage.
Found a ration.
There is a stone staircase leading up here.
You hear some strange, mumbled words.
A magic dart appears from out of thin air!
The magic dart hits you.
You die...

%.. ....#### .#...
..... ..
....#######.#####...
..[......)).#..$...
#..###.........$..
#.###..PP.#.###..
#..#§.P∩....#
#...W.PP...#
##@#........$.#
#....#...###..
##.....### #
#..#.### ...##.# ...
#.. .... ##.. .....
##.


You could see a phantom.

Vanquished Creatures
  A crimson imp (D:3)
  A centaur skeleton (D:2)
  An orc priest (D:4)
  5 adders
  An ooze (D:1)
  A worm (D:2)
  2 dart slugs
  2 leopard geckos
  An orc (D:4)
  A ball python (D:1)
  3 giant cockroaches
  6 goblins
  4 hobgoblins
  16 jackals
  4 bats
  5 frilled lizards
  6 kobolds
  6 rats
66 creatures vanquished.

Notes
Turn   | Place    | Note
-------+----------+-------------------------------------------
     0 | D:1      | Bronimir the Centaur Warper began the quest for the Orb.
     0 | D:1      | Reached XP level 1. HP: 17/17 MP: 3/3
   512 | D:1      | Reached XP level 2. HP: 22/24 MP: 4/4
   552 | D:1      | Learned a level 2 spell: Blink
   555 | D:1      | Learned a level 2 spell: Shroud of Golubria
  1197 | D:2      | Reached XP level 3. HP: 24/29 MP: 5/5
  1203 | D:2      | Reached skill level 1 in Armour
  1606 | D:2      | Reached skill level 2 in Axes
  1614 | D:2      | Reached XP level 4. HP: 17/36 MP: 6/6
  1863 | D:2      | Found a basalt altar of Yredelemnul.
  2098 | D:2      | Found a white marble altar of Elyvilon.
  3163 | D:3      | Reached skill level 3 in Axes
  3163 | D:3      | Reached XP level 5. HP: 37/42 MP: 7/7
  3645 | D:4      | Found Ruyrridd's Assorted Antiques.
  3652 | D:4      | Noticed a phantom
  3681 | D:4      | Killed from afar by an orc wizard

Levels and vault maps discovered:
D:1:      minmay_arrival_four_circles, layout_basic, minmay_misc_feat_rows,
          chequers_garden
D:2:      layout_basic, kennysheep_ying_yang
D:3:      layout_loops_ring, minmay_misc_feat_ornament, minmay_ruptured
D:4:      layout_rooms, led_sif_book, first_ration, serial_shops,
          nicolae_shop_overgrown_old_shop

Skill      XL: |  1  2  3  4 |
---------------+-------------+-----
Dodging        | 2 |  2.8
Armour         | 1 |  1.7
Axes           | 2 3 |  3.3
Fighting       | |  2.7
Throwing       | |  1.1
Stealth        | |  0.1
Spellcasting   | |  1.5
Translocations | |  2.7

Action                   |  1- 3 |  4- 6 || total
-------------------------+-------+-------++-------
Melee: Hand axe          |   106 |   150 ||   256
       Kick              |    18 |    20 ||    38
Throw: Boomerang         |     2 |       ||     2
  Eat: Chunk             |     2 |     5 ||     7
Armor: Ring mail         |    62 |    37 ||    99
Dodge: Dodged            |    52 |    79 ||   131
